Map: Port Aleksander LE

Players

SKillous

  • Race: Protoss Protoss
  • League: Grandmaster
  • Spawn Location: 5:00

Lambo - Winner!

  • Race: Zerg Zerg
  • League: Grandmaster
  • Spawn Location: 11:00

VOD

Have the link to the VOD?

Description

Time

  • Played on: Jan. 6, 2019, 3 p.m.
  • Length: 8:42
Show
View Real Time Build Order
Export as new Build Order

SKillous Protoss 

Build Orders: Nexus First, Phoenix Opening, Mass Phoenix 

Get SALT Encoding   

  12  0:01  Probe  
  13  0:13  Probe  
  14  0:20  Pylon  
  14  0:25  Probe  
  15  0:35  Probe  
  16  0:43  Probe  
  17  1:00  Nexus  
  17  1:09  Probe  
  17  1:11  Gateway  
  17  1:17  Probe  
  18  1:22  Assimilator  
  19  1:27  Probe, Assimilator  
  20  1:39  Probe  
  21  1:48  Gateway  
  21  1:51  Probe  
  22  2:00  Cybernetics Core  
  22  2:03  Probe  
  22  2:08  Probe  
  23  2:15  Probe  
  24  2:16  Probe  
  26  2:23  Probe  
  26  2:26  Probe  
  28  2:31  Probe  
  29  2:37  Adept x2  
  29  2:38  Probe  
  29  2:42  Pylon  
  34  2:45  Warp Gate  
  34  2:46  Probe  
  34  2:50  Probe  
  36  2:56  Probe  
  36  3:00  Stargate  
  36  3:02  Probe  
  36  3:04  Probe  
  38  3:08  Pylon  
  38  3:11  Probe  
  39  3:13  Probe, Adept  
  39  3:19  Probe  
  43  3:25  Probe  
  45  3:28  Probe  
  46  3:37  Probe  
  46  3:40  Gateway  
  47  3:42  Adept x2  
  47  3:44  Phoenix  
  53  3:49  Pylon  
  53  3:50  Probe  
  53  3:53  Assimilator  
  53  3:55  Assimilator  
  54  4:03  Stargate, Phoenix  
  54  4:07  Probe x2  
  58  4:17  Pylon  
  58  4:19  Probe x2  
  58  4:20  Phoenix  
  62  4:35  Probe x2  
  64  4:42  Pylon  
  64  4:43  Phoenix  
  66  4:46  Nexus  
  66  4:48  Phoenix, Pylon  
  68  4:56  Adept  
  70  5:01  Adept x2  
  70  5:04  Probe, Phoenix x2  
  75  5:07  Probe  
  80  5:17  Probe  
  80  5:20  Pylon  
  81  5:22  Phoenix, Zealot  
  82  5:29  Phoenix  
  86  5:38  Probe x2  
  86  5:46  Zealot  
  90  5:50  Probe  
  90  5:52  Phoenix  
  90  5:56  Zealot x2  
  89  6:03  Twilight Council  
  83  6:05  Probe x3, Forge  
  83  6:08  Zealot  
  88  6:17  Sentry x2, Probe x3  
  95  6:22  Shield Battery  
  95  6:29  Probe x3, Shield Battery  
  98  6:38  Assimilator  
  98  6:39  Assimilator, Stalker  
  100  6:41  Robotics Facility, Probe x2  
  102  6:48  Probe  
  102  6:50  Stalker x2  
  107  6:58  Probe  
  93  7:01  Charge  
  93  7:03  Probe  
  93  7:05  Probe  
  93  7:07  Probe  
  86  7:08  Zealot  
  86  7:11  Probe  
  86  7:14  Probe  
  86  7:15  Probe  
  90  7:17  Robotics Facility, Sentry  
  90  7:20  Probe  
  90  7:22  Robotics Facility, Probe  
  94  7:24  Pylon  
  94  7:25  Probe  
  94  7:29  Pylon  
  97  7:31  Probe  
  97  7:32  Probe  
  97  7:36  Templar Archives  
  99  7:37  Probe  
  99  7:43  Gateway, Probe  
  101  7:45  Probe  
  101  7:46  Gateway  
  101  7:48  Gateway  
  102  7:55  Probe, Gateway  
  102  7:56  Pylon  
  101  8:00  Zealot  
  101  8:01  Zealot x2  
  101  8:05  Gateway  
  111  8:15  Pylon  
  111  8:21  Gateway  
  111  8:22  Gateway  
  111  8:25  Adept x3  
  113  8:28  Probe  
Show
View Real Time Build Order
Export as new Build Order

Lambo Zerg - Winner!

Build Orders: Hatch First 

Get SALT Encoding   

  12  0:01  Drone  
  13  0:12  Overlord  
  13  0:18  Drone  
  14  0:31  Drone x2  
  16  0:50  Hatchery  
  16  0:53  Drone  
  16  0:57  Drone  
  16  1:01  Drone  
  18  1:11  Extractor  
  18  1:15  Spawning Pool  
  16  1:18  Drone  
  16  1:22  Drone  
  18  1:28  Drone  
  19  1:42  Drone  
  20  1:51  Overlord  
  20  2:02  Queen x2  
  20  2:03  Zergling x2  
  20  2:04  Zergling x2  
  26  2:11  Metabolic Boost  
  26  2:14  Drone  
  26  2:15  Drone  
  28  2:22  Drone  
  29  2:24  Drone  
  30  2:38  Hatchery  
  30  2:43  Drone x2  
  31  2:45  Drone  
  31  2:50  Overlord  
  32  2:54  Drone  
  32  2:56  Drone  
  34  3:03  Queen  
  36  3:12  Drone x2  
  38  3:13  Drone x2  
  38  3:15  Zergling x4  
  38  3:17  Drone  
  43  3:25  Drone  
  44  3:30  Overlord  
  44  3:39  Overlord  
  44  3:48  Queen, Drone x5  
  44  3:49  Drone  
  44  3:51  Queen  
  54  3:56  Drone x2  
  54  3:57  Drone  
  54  3:59  Drone  
  54  4:02  Drone  
  59  4:03  Drone  
  60  4:10  Drone  
  60  4:13  Drone  
  60  4:15  Lair, Overlord  
  63  4:17  Drone x3  
  63  4:18  Evolution Chamber  
  63  4:20  Drone x2  
  63  4:23  Overlord  
  66  4:31  Overlord  
  66  4:33  Overlord  
  66  4:43  Spore Crawler  
  66  4:45  Drone x7  
  66  4:46  Spore Crawler, Drone x2  
  66  4:48  Queen  
  66  4:51  Drone  
  76  4:55  Drone x2  
  76  4:57  Extractor  
  76  4:59  Extractor  
  76  5:00  Extractor, Drone x4  
  76  5:01  Extractor, Baneling Nest  
  76  5:02  Drone x2  
  76  5:05  Queen  
  81  5:11  Drone  
  81  5:12  Drone  
  83  5:14  Drone  
  83  5:17  Hydralisk Den  
  83  5:18  Spore Crawler  
  82  5:23  Overlord  
  82  5:29  Zergling x16  
  89  5:37  Overlord  
  89  5:39  Overlord  
  89  5:40  Zergling x4  
  89  5:44  Zergling x4  
  88  5:50  Zergling x2  
  77  5:58  Zerg Missile Weapons Level 1, Hydralisk Den  
  77  6:03  Zergling x14  
  82  6:10  Queen  
  82  6:11  Spore Crawler  
  80  6:20  Baneling  
  80  6:21  Baneling x7  
  80  6:33  Hydralisk  
  80  6:34  Hydralisk x8  
  80  6:37  Overlord  
  98  6:42  Hydralisk x2  
  101  6:55  Hydralisk x4  
  101  7:07  Hydralisk x3  
  100  7:14  Muscular Augments  
  100  7:15  Zergling x22  
  108  7:20  Hydralisk  
  110  7:26  Zergling x4  
  112  7:34  Hydralisk  
  114  7:40  Zergling x10  
  114  7:41  Zergling x6  
  122  7:51  Overlord x2  
  122  7:52  Overlord  
  122  8:07  Overlord x2  
  122  8:11  Baneling x23  
  122  8:12  Zergling x10  
  126  8:17  Zergling x6  
  129  8:24  Zergling x8  
Tags
 
Add a new tag
Caveats
  • Supply blocks, unpowered buildings, or Contaminate may cause inaccurate times.
  • Supply counts are checked every 10 seconds.